 Dungeon Crawl Stone Soup version 0.30.0 (webtiles) character file.

Game seed: 9369646190623622489

391 infinitevox the Ducker (level 6, -1/47 HPs)
             Began as a Demonspawn Monk on May 6, 2023.
             Slain by a sleepcap (18 damage)
             ... on level 4 of the Dungeon.
             The game lasted 00:24:54 (3178 turns).

infinitevox the Ducker (Demonspawn Monk)            Turns: 3178, Time: 00:24:55

Health: -1/47      AC: 12    Str: 14    XL:     6   Next: 50%
Magic:  6/6        EV:  2    Int: 11    God:
Gold:   184        SH:  0    Dex: 17    Spells: 5/5 levels left

rFire   . .          .
                       - Unarmed
rCold   . . .        (no shield)
rNeg    . . .        m - +6 scale mail of Tomorrow {Dex+2 Stlth+}
rPois   .            (no helmet)
rElec   .            (no cloak)
rCorr   .            (no gloves)
SInv    .            (no boots)
Will    .....        (no amulet)
Stlth   +            (no ring)
HPRegen 0.27/turn    (no ring)
MPRegen 0.10/turn

%: no passive effects
@: sleeping
A: hooves 1, large bone plates 2, powered by death 2
a: no special abilities


You were on level 4 of the Dungeon.
You visited 1 branch of the dungeon, and saw 4 of its levels.
You also visited: Sewer.

You collected 184 gold pieces.

Inventory:

Hand Weapons
 o - a +0 rapier
 u - a +0 falchion
Armour
 c - an orb of light
 m - the +6 scale mail of Tomorrow (worn) {Dex+2 Stlth+}
   (You found it on level 3 of the Dungeon)

   Dex:       It affects your dexterity (+2).
   Stlth:     It makes you more stealthy.
Wands
 g - a wand of digging (4)
 p - a wand of flame (12)
Scrolls
 a - 3 scrolls of teleportation
 d - a scroll of immolation {unknown}
 i - a scroll of poison {unknown}
 k - 2 scrolls of brand weapon {unknown}
 l - a scroll of magic mapping {unknown}
 n - a scroll of enchant weapon {unknown}
 q - a scroll of fog {unknown}
 r - a scroll of fear {unknown}
Potions
 b - a potion of ambrosia
 e - a potion of resistance {unknown}
 f - a potion of might {unknown}
 h - 2 potions of curing
 j - 2 potions of flight
 s - a potion of haste {unknown}


   Skills:
 - Level 3.1 Fighting
 * Level 3.3 Armour
 + Level 4.7 Dodging
 - Level 4.0 Unarmed Combat


You had 5 spell levels left.
You didn't know any spells.
Your spell library contained the following spells:

 Spells                   Type           Power      Damage    Failure   Level
 Apportation              Tloc           0%         N/A       82%         1
 Necrotise                Necr           0%         1d4       82%         1
 Summon Small Mammal      Summ           0%         N/A       82%         1
 Portal Projectile        Hex/Tloc       0%         N/A       99%         3
 Stone Arrow              Conj/Erth      0%         3d7       99%         3
 Tukima's Dance           Hex            0%         N/A       99%         3
 Animate Armour           Summ/Erth      0%         N/A       100%        4
 Blade Hands              Tmut           0%         N/A       100%        5
 Lehudib's Crystal Spear  Conj/Erth      0%         10d2      100%        8


Dungeon Overview and Level Annotations

Branches:
Dungeon (4/15)              Sewer (visited)
 Temple: D:4-7

Altars:

Shops:
D:1 [


Innate Abilities, Weirdness & Mutations

You have large cloven feet.
You are mostly covered in large bone plates. (SH +6)
You regenerate health from kills.


Message History

Aiming: Throw Flame
Press: ? - help, Shift-Dir - straight line, f/p - sleepcap
Aim: a sleepcap (moderately damaged, 100% to hit)
The puff of flame hits the sleepcap but does no damage.
The sleepcap is moderately damaged.
The sleepcap closely misses you.
Aiming: Throw Flame
Press: ? - help, Shift-Dir - straight line, f/p - sleepcap
Aim: a sleepcap (lightly damaged, 100% to hit)
The puff of flame hits the sleepcap.
The sleepcap is heavily damaged.
The sleepcap closely misses you.
Aiming: Throw Flame
Press: ? - help, Shift-Dir - straight line, f/p - sleepcap
Aim: a sleepcap (moderately damaged, 100% to hit)
The puff of flame hits the sleepcap but does no damage.
The sleepcap is moderately damaged.
The sleepcap releases spores at you.
You hit the sleepcap. You kick the sleepcap. You punch the sleepcap.
The sleepcap is severely damaged.
The sleepcap barely misses you.
You hit the sleepcap.
The sleepcap is severely damaged.
The sleepcap barely misses you.
You hit the sleepcap but do no damage.
You kick the sleepcap, but do no damage.
The sleepcap is severely damaged.
You block the sleepcap's attack.
You hit the sleepcap but do no damage.
The sleepcap is severely damaged.
The sleepcap closely misses you.
You hit the sleepcap but do no damage.
You kick the sleepcap, but do no damage.
The sleepcap is severely damaged.
The sleepcap releases spores at you!
You are engulfed in a cloud of soporific spores!
You fall asleep.
The sleepcap releases spores at you but does no damage. x2
The sleepcap releases spores at you!!
You die...

.###<.#.#..###
#..#.#..#
###..))##.#
..#..####.#
#.#.......#
#.#..######
#.#.##
#.#.#########
#....f@.....#
###....######
#.##.# ####.#
#.# ###


You could see a sleepcap.

Vanquished Creatures
  A hound (D:4)
  2 orc priests (D:4)
  2 orc wizards
  A sickly merfolk siren (Sewer)
  A malarious merfolk avatar (Sewer)
  3 gnolls (D:3)
  4 adders
  A river rat (Sewer)
  6 worms
  2 dart slugs
  8 orcs
  21 ball pythons
  7 bats
  4 endoplasms
  A giant cockroach (Sewer)
  6 hobgoblins
  4 jackals (D:3)
  8 quokkas
  9 frilled lizards
  4 kobolds
  22 rats
117 creatures vanquished.

Notes
Turn   | Place    | Note
-------+----------+-------------------------------------------
     0 | D:1      | infinitevox the Demonspawn Monk began the quest for the
                  | Orb.
     0 | D:1      | Reached XP level 1. HP: 18/18 MP: 1/1
    77 | D:1      | Found Nezimu Ququv's Armour Shoppe.
   257 | D:1      | Gained mutation: You have large cloven feet. [demonic
                  | ancestry]
   257 | D:1      | Reached XP level 2. HP: 23/24 MP: 2/2
   914 | D:2      | Gained mutation: You are partially covered in large bone
                  | plates. (SH +4) [demonic ancestry]
   914 | D:2      | Reached XP level 3. HP: 29/29 MP: 3/3
  1533 | D:3      | Gained mutation: You regenerate a little health from kills.
                  | [demonic ancestry]
  1533 | D:3      | Reached XP level 4. HP: 35/35 MP: 4/4
  1645 | D:3      | Identified the +6 scale mail of Tomorrow {Dex+2 Stlth+}
  1726 | D:3      | Gained mutation: You are mostly covered in large bone
                  | plates. (SH +6) [demonic ancestry]
  1726 | D:3      | Reached XP level 5. HP: 23/41 MP: 5/5
  1855 | D:3      | Found a glowing drain.
  1864 | Sewer    | Entered a sewer
  1929 | Sewer    | Reached skill level 1 in Armour
  2870 | D:4      | Gained mutation: You regenerate health from kills. [demonic
                  | ancestry]
  2870 | D:4      | Reached XP level 6. HP: 28/47 MP: 6/6
  3178 | D:4      | Slain by a sleepcap

Illustrated notes

Levels and vault maps discovered:
D:1:      minmay_arrival_four_loops, layout_basic, serial_shops,
          nicolae_shop_stone
D:2:      layout_loops_ring
D:3:      layout_basic, cheibrodos_sewer_entry_bend
D:4:      layout_basic, mainiacjoe_overflow_small_starburst,
          minmay_misc_feat_room

Skill      XL: |  1  2  3  4  5  6 |
---------------+-------------------+-----
Unarmed Combat | 3 4 |  4.0
Dodging        | 3 4 |  4.7
Armour         | 2 3 |  3.3
Fighting       | |  3.1

Action                     |  1- 3 |  4- 6 || total
---------------------------+-------+-------++-------
  Melee: Unarmed           |   138 |   292 ||   430
         Punch             |     4 |    15 ||    19
         Kick              |    26 |    88 ||   114
         Mace              |       |     4 ||     4
         Rapier            |       |     1 ||     1
  Evoke: Wand              |       |     4 ||     4
    Use: Scroll            |     2 |     2 ||     4
         Potion            |     1 |     5 ||     6
   Stab: Sleeping          |     3 |       ||     3
 Armour: Robe              |    18 |     3 ||    21
         Scale mail        |       |    77 ||    77
  Dodge: Dodged            |    78 |   113 ||   191
  Block: Other             |    10 |    62 ||    72
